 Dungeon Crawl Stone Soup version 0.24.0-41-g2ae2f7f1be (webtiles) character file.

Game seed: 10450704173716370138, levelgen mode: deterministic

90 Kobolds4U the Magician (level 4, -6/24 HPs)
             Began as a Deep Elf Conjurer on Dec 12, 2019.
             Mangled by Sigmund
             ... wielding a +0 scythe
              (8 damage)
             ... on level 2 of the Dungeon.
             The game lasted 00:04:05 (2365 turns).

Kobolds4U the Magician (Deep Elf Conjurer)          Turns: 2365, Time: 00:04:06

Health: -6/24      AC:  4    Str:  6    XL:     4   Next: 32%
Magic:  3/12       EV: 13    Int: 20    God:
Gold:   109        SH:  0    Dex: 15    Spells: 9/12 levels left

rFire    . . .     SeeInvis .   g - +0 dagger
rCold    . . .     Gourm    .   (no shield)
rNeg     . . .     Faith    .   a - +0 robe
rPois    .         Spirit   .   b - +0 helmet
rElec    .         Reflect  .   (no cloak)
rCorr    .         Harm     .   (no gloves)
MR       .....                  f - +0 pair of boots
Stlth    +++.......             (no amulet)
HPRegen  0.08/turn              (no ring)
MPRegen  0.13/turn              (no ring)

@: no status effects
A: no striking features
a: no special abilities


You were on level 2 of the Dungeon.
You were not hungry.

You visited 1 branch of the dungeon, and saw 2 of its levels.

You collected 109 gold pieces.

Inventory:

Hand Weapons
 g - a +0 dagger (weapon)
 o - a +0 short sword
Armour
 a - a +0 robe (worn)
 b - a +0 helmet (worn)
 f - a +0 pair of boots (worn)
Scrolls
 e - 2 scrolls of teleportation {unknown}
 i - a scroll of amnesia {unknown}
 k - a scroll of remove curse {unknown}
 l - 4 scrolls of identify {unknown}
 m - a scroll of blinking {unknown}
 n - a scroll of enchant armour {unknown}
Potions
 d - 2 potions of flight {unknown}
 j - a potion of curing {unknown}
Comestibles
 c - a ration
 h - 2 chunks of flesh


   Skills:
 - Level 2.4 Dodging
 + Level 4.6 Stealth
 + Level 4.9 Spellcasting
 - Level 4.3 Conjurations


You had 9 spell levels left.
You knew the following spells:

 Your Spells              Type           Power        Failure   Level  Hunger
a - Magic Dart            Conj           ###.         1%          1    None
b - Searing Ray           Conj           ###...       3%          2    #......

Your spell library contained the following spells:

 Spells                   Type           Power        Failure   Level  Hunger
 Dazzling Spray           Conj/Hex       ##....       14%         3    ##.....
 Iskenderun's Mystic Bla  Conj           ###.....     19%         4    ####...
 Force Lance              Conj/Tloc      ##......     43%         4    ####...
 Fulminant Prism          Conj/Hex       ##........   43%         4    ####...


Dungeon Overview and Level Annotations

Branches:
Dungeon (2/15)

Altars:
Vehumet

Annotations:
D:2 Sigmund


Message History

The jackal bites you.
* * * LOW HITPOINT WARNING * * *
The searing ray hits Sigmund!
Sigmund is heavily wounded.
You finish channeling your searing ray.
The jackal closely misses you. Sigmund barely misses you.
Casting: Searing Ray (safe; 3% risk of failure)
Confirm with . or Enter, or press ? or * to list all spells.
Aiming: Searing Ray (safe; 3% risk of failure)
Press: ? - help, Shift-Dir - straight line The searing ray hits Sigmund.
Sigmund is severely wounded. (Press . to maintain the ray.)
The jackal barely misses you.
The frilled lizard unfolds its giant frill.
The searing ray hits Sigmund but does no damage.
Sigmund is severely wounded.
The jackal bites you but does no damage.
Sigmund hits you from afar with a +0 scythe!
You die...

#........##.# ##+##
#........##.######.##
#........'..##.@...#.
##..h....#####.##..##
###h##### #[##....
#l# #####.##.... #h#
##.....###### #h#
#...#### #... #@#
#...# #.## #.# #....
#@# ##.... ## #.#
#.......#.#. #.#
#.......#.#. #.#
#....>..#.#. #.#
#.........#. #.#
#...........
#.......####


You could see Sigmund, 4 jackals and a frilled lizard.

Vanquished Creatures
  Natasha (twice) (D:2)
  A dart slug (D:1)
  A leopard gecko (D:2)
  2 bats
  3 giant cockroaches
  5 goblins
  4 hobgoblins
  4 jackals
  5 kobolds
  2 quokkas (D:2)
  2 frilled lizards (D:2)
  3 rats
34 creatures vanquished.

Notes
Turn   | Place    | Note
-------+----------+-------------------------------------------
     0 | D:1      | Kobolds4U the Deep Elf Conjurer began the quest for the
                  | Orb.
     0 | D:1      | Reached XP level 1. HP: 10/10 MP: 6/6
   376 | D:1      | Reached XP level 2. HP: 15/15 MP: 4/8
   380 | D:1      | Learned a level 2 spell: Searing Ray
  1164 | D:2      | Noticed Natasha
  1173 | D:2      | Killed Natasha
  1173 | D:2      | Reached XP level 3. HP: 11/19 MP: 4/10
  1632 | D:2      | Noticed Sigmund
  2157 | D:2      | Noticed Natasha
  2173 | D:2      | Killed Natasha
  2173 | D:2      | Reached XP level 4. HP: 19/24 MP: 7/12
  2344 | D:2      | Found a radiant altar of Vehumet.
  2365 | D:2      | Mangled by Sigmund

Levels and vault maps discovered:
D:1:      lemuel_arrival_hallway, layout_basic
D:2:      layout_basic, grunt_temple_overflow_open, uniq_natasha, uniq_sigmund

Skill      XL: |  1  2  3 |
---------------+----------+-----
Stealth        | 3 4 |  4.6
Spellcasting   | 4 |  4.9
Dodging        | |  2.4
Conjurations   | |  4.3

Action                   |  1- 3 |  4- 6 || total
-------------------------+-------+-------++-------
Melee: Unarmed           |     1 |       ||     1
       Dagger            |    39 |     3 ||    42
 Cast: Magic Dart        |    41 |     2 ||    43
       Searing Ray       |     5 |     3 ||     8
 Stab: Sleeping          |     4 |     1 ||     5
  Eat: Chunk             |     4 |       ||     4
Armor: Robe              |    11 |     3 ||    14
Dodge: Dodged            |    43 |    10 ||    53
